 Dungeon Crawl Stone Soup version 0.23.2-1-ga50397a (webtiles) character file.

Game seed: 5448293894019730384

22085 Fang the Fighter (level 12, -4/84 HPs)
             Began as a Gargoyle Berserker on May 6, 2019.
             Was a High Priest of Trog.
             Slain by an 18-headed hydra (7 damage)
             ... on level 3 of the Lair of Beasts.
             The game lasted 00:14:13 (13290 turns).

Fang the Fighter (Gargoyle Berserker)              Turns: 13290, Time: 00:14:13

Health: -4/84      AC: 29    Str: 25    XL:     12   Next: 96%
Magic:  12/12      EV: 10    Int:  9    God:    Trog [*****.]
Gold:   645        SH:  0    Dex:  9    Spells: 11/11 levels left

rFire    . . .     SeeInvis .   a - +4 war axe
rCold    . . .     Gourm    .   (no shield)
rNeg     + . .     Faith    .   y - +2 plate armour
rPois    ∞         Spirit   .   (no helmet)
rElec    +         Reflect  .   m - +2 cloak {+Inv}
rCorr    .         Harm     .   (no gloves)
MR       .....                  (no boots)
Stlth    ..........             (no amulet)
HPRegen  0.24/turn              (no ring)
MPRegen  0.13/turn              (no ring)

@: about to teleport, berserk cooldown, slowed, very slow
A: negative energy resistance 1, electricity resistance, unbreathing,
petrification resistance, rot immunity, AC +8
a: Berserk, Trog's Hand, Brothers in Arms, Renounce Religion, Evoke Invisibility


You were on level 3 of the Lair of Beasts.
You worshipped Trog.
Trog was extremely pleased with you.
You were very hungry.

You visited 3 branches of the dungeon, and saw 15 of its levels.

You collected 645 gold pieces.

Inventory:

Hand Weapons
 a - a +4 war axe (weapon)
Armour
 j - a scarf of spirit shield
 m - a +2 cloak of invisibility (worn)
 y - a +2 plate armour (worn)
Wands
 f - a wand of flame (25)
 g - a wand of paralysis (7)
 i - a wand of random effects (20)
 n - a wand of acid (7)
 r - a wand of enslavement (6)
 t - a wand of disintegration (13)
 u - a wand of digging (4)
Scrolls
 d - a scroll of enchant weapon
 h - 9 scrolls of remove curse
 k - a scroll of blinking
 l - 2 scrolls of fear
 p - a scroll of magic mapping
 q - 4 scrolls of teleportation
 x - a scroll of identify
Potions
 b - 2 potions of cancellation
 e - 3 potions of agility
 o - 6 potions of curing
 v - a potion of mutation
 w - a potion of ambrosia
 z - 2 potions of flight
Comestibles
 c - 16 rations


   Skills:
 + Level 13.3 Fighting
 + Level 11.4 Axes
 + Level 10.6 Armour
 + Level 8.2 Dodging


You had 11 spell levels left.
You didn't know any spells.
Your spell library was empty.

Dungeon Overview and Level Annotations

Branches:
Dungeon (11/15)            Temple (1/1) D:4            Lair (3/6) D:10
  Swamp: Lair:2-4    Shoals: Lair:2-4     Snake: Lair:2-4    Spider: Lair:2-4
    Orc: D:9-12

Altars:
Ashenzari
Dithmenos
Elyvilon
Gozag
Hepliaklqana
Kikubaaqudgha
Ru
Sif Muna
Wu Jian
The Shining One


Innate Abilities, Weirdness & Mutations

You are resistant to torment.
Your stone body is resilient. (AC +8)
You are immune to poison.
You resist negative energy. (rN+)
You are resistant to electric shocks. (rElec)
You can survive without breathing.
You are immune to petrification.
You are immune to rotting.


Message History

The 18-headed hydra barely misses you. The 18-headed hydra closely misses you.
The 18-headed hydra bites you but does no damage. x2
The 18-headed hydra barely misses you.
The 18-headed hydra bites you but does no damage.
The 18-headed hydra barely misses you. The 18-headed hydra misses you.
The 18-headed hydra bites you but does no damage.
The 18-headed hydra barely misses you.
The 18-headed hydra bites you but does no damage.
As you read the scroll of teleportation, it crumbles to dust.
You feel strangely unstable.
The 18-headed hydra bites you but does no damage. x3
The 18-headed hydra barely misses you. x2
The 18-headed hydra bites you but does no damage. x2
The 18-headed hydra barely misses you.
The 18-headed hydra completely misses you.
The 18-headed hydra bites you but does no damage. x2
The 18-headed hydra misses you.
The 18-headed hydra bites you but does no damage. x2
The 18-headed hydra bites you!
You die...

### P..# ## #
#.P######...# ##.#. #
#......#....### #.#<[
[.#............P######...#
.................##.##.###
..........................
..........................
........D@................
..........................
..........................
.........†......###..#..##
<...#.P.##...#### #.##..#
########.##..# ####.#.#
......# ###. .......P# .
.........##


You could see a 18-headed hydra.

Vanquished Creatures
  Fannar (Lair:1)
  2 hydras
  An unseen horror (D:10)
  A centaur zombie (D:11)
  2 black mambas
  4 spiny frogs
  A gargoyle (D:11)
  A komodo dragon (D:10)
  3 trolls
  A merfolk (D:9)
  5 hippogriffs
  A basilisk (Lair:1)
  A wyvern (D:10)
  26 yaks
  2 wraiths
  A steam dragon (D:7)
  Menkaure (D:5)
  A soldier ant (D:11)
  An acid dragon (D:10)
  2 porcupines
  5 water moccasins
  5 orc warriors
  4 black bears
  4 necrophages
  2 eyes of draining
  5 ice beasts
  A phantom (D:9)
  7 ogres
  7 centaurs
  12 crocodiles
  3 big kobolds
  7 bullfrogs
  5 scorpions
  15 killer bees
  4 wights (D:10)
  4 howler monkeys
  4 crimson imps
  2 bullfrog zombies (D:11)
  4 hounds
  2 jellies
  7 orc priests
  A bullfrog skeleton (D:6)
  6 iguanas
  4 orc wizards
  4 worker ants
  3 hound skeletons
  A mummy (D:11)
  A howler monkey zombie (D:6)
  8 adders
  7 gnolls
  3 shadow imps
  An ooze (D:2)
  2 adder skeletons
  6 worms
  A dart slug (D:2)
  8 leopard geckos
  34 orcs
  5 bats
  3 giant cockroaches
  7 goblins
  8 hobgoblins
  11 jackals
  22 kobolds
  5 quokkas
  A ball python (D:2)
  5 frilled lizards
  A leopard gecko skeleton (D:5)
  A leopard gecko zombie (D:8)
  6 rats
  A fungus (Lair:2)
333 creatures vanquished.

Vanquished Creatures (others)
  A quokka (D:9)
  A fire vortex (Lair:2)
2 creatures vanquished.

Grand Total: 335 creatures vanquished

Notes
Turn   | Place    | Note
-------+----------+-------------------------------------------
     0 | D:1      | Fang the Gargoyle Berserker began the quest for the Orb.
     0 | D:1      | Reached XP level 1. HP: 14/14 MP: 1/1
   200 | D:1      | Reached XP level 2. HP: 19/19 MP: 2/2
   865 | D:2      | Reached XP level 3. HP: 20/23 MP: 3/3
  1151 | D:2      | Reached ** piety under Trog
  1396 | D:3      | Reached XP level 4. HP: 29/29 MP: 4/4
  2029 | D:4      | Reached skill level 4 in Fighting
  2055 | D:4      | Found a staircase to the Ecumenical Temple.
  2079 | Temple   | Entered the Ecumenical Temple
  2144 | D:4      | Reached XP level 5. HP: 22/33 MP: 5/5
  2646 | D:4      | Found an opulent altar of Gozag.
  2657 | D:4      | Found a deep blue altar of Sif Muna.
  2658 | D:4      | Found a shadowy altar of Dithmenos.
  2661 | D:4      | Found a shattered altar of Ashenzari.
  2794 | D:5      | Entered Level 5 of the Dungeon
  2822 | D:5      | Noticed Menkaure
  2833 | D:5      | Killed Menkaure
  2833 | D:5      | Reached *** piety under Trog
  2833 | D:5      | Reached XP level 6. HP: 35/40 MP: 6/6
  3470 | D:5      | Reached skill level 5 in Fighting
  3505 | D:5      | Reached XP level 7. HP: 31/44 MP: 7/7
  4056 | D:5      | Reached skill level 5 in Armour
  4295 | D:6      | Reached XP level 8. HP: 43/51 MP: 8/8
  4388 | D:6      | Reached skill level 6 in Fighting
  4388 | D:6      | Reached skill level 5 in Axes
  4997 | D:6      | Found a hazy altar of Hepliaklqana.
  5389 | D:6      | Found a glowing golden altar of the Shining One.
  5622 | D:7      | Found an ornate altar of the Wu Jian Council.
  5638 | D:7      | Reached XP level 9. HP: 53/56 MP: 9/9
  5642 | D:7      | Reached skill level 7 in Fighting
  5671 | D:7      | Reached skill level 5 in Dodging
  6021 | D:7      | Reached **** piety under Trog
  6356 | D:7      | Found a sacrificial altar of Ru.
  6660 | D:8      | Reached skill level 11 in Fighting
  6660 | D:8      | Reached XP level 10. HP: 70/70 MP: 10/10
  7130 | D:9      | Found a white marble altar of Elyvilon.
  7292 | D:9      | Reached XP level 11. HP: 55/74 MP: 11/11
  7877 | D:9      | Reached skill level 10 in Axes
  8124 | D:10     | Entered Level 10 of the Dungeon
  8429 | D:10     | Killed an unseen horror
  8429 | D:10     | Reached ***** piety under Trog
  8946 | D:10     | Reached skill level 12 in Fighting
  9146 | D:10     | Found a staircase to the Lair.
  9961 | D:11     | Noticed a four-headed hydra
  9965 | D:11     | Reached XP level 12. HP: 63/82 MP: 6/12
  9976 | D:11     | Killed an eight-headed hydra
 10909 | Lair:1   | Entered Level 1 of the Lair of Beasts
 10909 | Lair:1   | Noticed Fannar
 10944 | Lair:1   | Noticed an eight-headed hydra
 11184 | Lair:1   | Killed a 17-headed hydra
 11212 | Lair:1   | HP: 1/82 [Fannar/bolt of cold (23)]
 11660 | Lair:1   | Killed Fannar
 11660 | Lair:1   | Reached skill level 10 in Armour
 12081 | Lair:1   | Reached skill level 13 in Fighting
 13263 | Lair:3   | Noticed a four-headed hydra
 13289 | Lair:3   | HP: 2/84 [18-headed hydra (3)]
 13290 | Lair:3   | Slain by an 18-headed hydra

Skill      XL: |  1  2  3  4  5  6  7  8  9 10 11 12 |
---------------+-------------------------------------+-----
Axes           | 3 4 5 9 10 11 | 11.4
Dodging        | 2 3 4 5 7 8 |  8.2
Armour         | 3 4 5 6 7 9 10 | 10.6
Fighting       | 4 5 6 11 12 13 | 13.3

Action                   |  1- 3 |  4- 6 |  7- 9 | 10-12 || total
-------------------------+-------+-------+-------+-------++-------
Melee: Hand axe          |   100 |   183 |   221 |       ||   504
       War axe           |       |       |   122 |   731 ||   853
Invok: Berserk           |       |     2 |     4 |     9 ||    15
       Trog's Hand       |       |       |       |     1 ||     1
       Brothers in Arms  |       |       |       |     1 ||     1
  Use: Scroll            |       |       |    21 |     8 ||    29
       Potion            |       |       |     1 |     3 ||     4
  Eat: Chunk             |     2 |     8 |     8 |    23 ||    41
       Ration            |       |       |     2 |     2 ||     4
Armor: Animal skin       |    11 |       |       |       ||    11
       Chain mail        |    39 |   136 |   186 |       ||   361
       Skin              |     2 |       |       |       ||     2
       Plate armour      |       |       |    82 |   759 ||   841
Dodge: Dodged            |    63 |    97 |   218 |   485 ||   863
